 Dungeon Crawl Stone Soup version 0.27-a0-1084-g78b3836a5f (webtiles) character file.

Game seed: 7525775834943518253

11114 tilp the Cleaver (level 11, -5/58 HPs)
             Began as a Vine Stalker Brigand on Apr 27, 2021.
             Was a Believer of Uskayaw.
             Slain by a komodo dragon (19 damage)
             ... on level 2 of the Lair of Beasts.
             The game lasted 00:17:39 (9875 turns).

tilp the Cleaver (Vine Stalker Brigand)             Turns: 9875, Time: 00:17:40

Health: -5/58      AC: 11    Str: 15    XL:     11   Next: 72%
Magic:  0/18       EV:  8    Int: 11    God:    Uskayaw [**....]
Gold:   245        SH:  7    Dex: 18    Spells: 10/10 levels left

rFire    . . .     SeeInvis .   a - +8 mithril axe "Arga" {speed, Will+}
rCold    . . .     Faith    +   C - +0 kite shield
rNeg     . . .     Spirit   +   g - +0 ring mail
rPois    +         Reflect  .   p - +2 hat
rElec    .         Harm     .   c - +2 cloak
rCorr    .         Rampage  .   (no gloves)
Will     +++..                  j - +0 pair of boots
Stlth    +++.......             G - amulet of faith
HPRegen  1.19/turn              y - ring of willpower
MPRegen  0.16/turn              H - ring of poison resistance

@: lethally poisoned (-5 -> -6)
A: fangs 3, regeneration 1, magic shield, antimagic bite, no potion heal 2
a: Renounce Religion, Stomp, Line Pass


You were on level 2 of the Lair of Beasts.
You worshipped Uskayaw.
Uskayaw was aware of your devotion.
You visited 3 branches of the dungeon, and saw 14 of its levels.

You collected 569 gold pieces.
You spent 324 gold pieces at shops.

Inventory:

Hand Weapons
 a - the +8 mithril axe "Arga" (weapon) {speed, Will+}
   (You acquired it on level 1 of the Dungeon)

   Attacks with this weapon are significantly faster.
   It increases your willpower.
 b - a +3 dagger of speed
 q - a +0 broad axe
 A - a +3 dagger
Missiles
 d - 24 poisoned darts (quivered)
 e - 5 curare-tipped darts {!f}
 k - 12 boomerangs
 t - 8 atropa-tipped darts
 B - 2 throwing nets
Armour
 c - a +2 cloak (worn)
 g - a +0 ring mail (worn)
 j - a +0 pair of boots (worn)
 p - a +2 hat (worn)
 w - a +0 chain mail
 C - a +0 kite shield (worn)
Jewellery
 y - a ring of willpower (left hand)
 G - an amulet of faith (around neck)
 H - a ring of poison resistance (right hand)
 L - a ring of positive energy
Wands
 J - a wand of paralysis (7)
 K - a wand of iceblast (4)
Scrolls
 i - 4 scrolls of magic mapping
 r - 2 scrolls of fear
 u - 4 scrolls of enchant weapon
 x - a scroll of identify
 D - a scroll of holy word
 E - 2 scrolls of enchant armour
 F - 4 scrolls of teleportation
Potions
 f - 7 potions of invisibility
 h - a potion of might
 l - 2 potions of lignification
 m - 5 potions of attraction
 n - 4 potions of curing
 o - a potion of haste
 s - 3 potions of flight
 v - a potion of ambrosia
 z - 3 potions of mutation
 I - a potion of degeneration {unknown}
 M - a potion of heal wounds {unknown}


   Skills:
 + Level 6.7 Fighting
 - Level 2.2 Short Blades
 + Level 12.3 Axes
 - Level 1.7 Throwing
 - Level 2.0 Dodging
 - Level 6.0 Stealth
 + Level 8.7 Invocations
 + Level 1.3 Evocations


You had 10 spell levels left.
You didn't know any spells.
Your spell library contained the following spells:

 Spells                   Type           Power      Damage    Failure   Level
 Corona                   Hex            0%         N/A       99%         1
 Sandblast                Erth           0%         2d4       99%         1
 Summon Small Mammal      Summ           0%         N/A       99%         1
 Call Imp                 Summ           0%         N/A       100%        2
 Passwall                 Tmut/Erth      0%         N/A       100%        2
 Slow                     Hex            0%         N/A       100%        2
 Call Canine Familiar     Summ           0%         N/A       100%        3
 Inner Flame              Hex/Fire       0%         N/A       100%        3
 Portal Projectile        Hex/Tloc       0%         N/A       100%        3
 Stone Arrow              Conj/Erth      0%         3d7       100%        3
 Summon Guardian Golem    Hex/Summ       0%         N/A       100%        3
 Cause Fear               Hex            0%         N/A       100%        4
 Leda's Liquefaction      Hex/Erth       0%         N/A       100%        4
 Petrify                  Tmut/Erth      0%         N/A       100%        4
 Summon Ice Beast         Ice/Summ       0%         N/A       100%        4
 Summon Lightning Spire   Summ/Air       0%         N/A       100%        4
 Lee's Rapid Deconstruct  Erth           0%         3d5*      100%        5


Dungeon Overview and Level Annotations

Branches:
Dungeon (11/15)            Temple (1/1) D:7            Lair (2/6) D:9
    Orc (0/2) D:10
  Swamp: Lair:2-4    Shoals: Lair:2-4     Snake: Lair:2-4    Spider: Lair:2-4

Altars:
Ashenzari
Cheibriados
Dithmenos
Elyvilon
Fedhas
Gozag
Hepliaklqana
Kikubaaqudgha
Makhleb
Nemelex Xobeh
Okawaru
Qazlal
Ru
Sif Muna
Trog
Uskayaw
Vehumet
Wu Jian
Xom
Yredelemnul
Zin
The Shining One

Shops:
D:2 :   D:7 [?=

Annotations:
D:9 lair
D:11 exclusion: hydra, Snorg
Lair:1 exclusions: cane toad and hydra


Innate Abilities, Weirdness & Mutations

You have razor-sharp teeth.
Your natural rate of healing is unusually fast.
When hurt, damage is shared between your health and your magic reserves.
Your bite disrupts and absorbs the magic of your enemies.
Potions cannot restore your health.


Message History

s - 3 potions of flight (gained 1)
A cane toad comes into view.
Unknown command.
Found 15 gold pieces.
A komodo dragon comes into view.
The cane toad croaks.
You hear an angry hiss.
You throw a poisoned dart.
The poisoned dart barely misses the cane toad.
You throw a poisoned dart. The poisoned dart hits the cane toad.
You throw a poisoned dart.
The poisoned dart closely misses the cane toad.
You block the cane toad's attack.
You slash the cane toad!
You bite the cane toad, but do no damage.
The cane toad is heavily wounded.
The cane toad barely misses you. The cane toad stings you!!
You are poisoned.
The cane toad poisons you!
You hit the cane toad but do no damage.
The cane toad is heavily wounded.
You feel very sick. The cane toad stings you!
A water moccasin comes into view.
You are too injured to fight recklessly!
You are too injured to fight recklessly!
Unknown command.
The water moccasin hisses angrily.
You slice the cane toad!!
You kill the cane toad!
You feel sick.
You can now pass through a line of other dancers.
You barely miss the komodo dragon. Your bite misses the komodo dragon.
You feel sick. The komodo dragon bites you!
* * * LOW HITPOINT WARNING * * *
Unknown command.
Your shield and ring mail prevent you from hitting the komodo dragon.
You feel sick. You block the komodo dragon's attack.
You barely miss the komodo dragon. Your bite misses the komodo dragon.
You feel sick. The komodo dragon bites you!!
You die...

..#....#......≈§≈≈§≈§≈≈§≈§§§≈§...
...............≈≈≈≈≈≈≈§§≈≈§§§....
..#####.#.......≈≈§§≈≈≈§≈≈≈≈.....
.## ##..........≈≈≈≈§≈≈≈.§.....
.# #.............≈≈§......... .#
#.....................#.## .#
#P....P................... .#
##.....#.##............... .##
#P.......@lS(...(......... ..#
##.###################.... .## P.
...# .# ### ...# .###..## .#
........ ........ ........
...#####


You could see a komodo dragon and a water moccasin.

Vanquished Creatures
  Harold (D:8)
  A centaur warrior (D:10)
  Joseph (D:7)
  2 cane toads
  Maggie (D:9)
  A troll (D:9)
  A hornet (D:10)
  Sigmund (D:3)
  3 wyverns
  Grum (D:9)
  A basilisk (Lair:1)
  6 yaks
  10 water moccasins
  2 ice beasts
  2 black bears
  3 sky beasts
  7 orc warriors
  An ogre (D:4)
  11 wolves
  6 centaurs
  4 phantoms
  3 kobold brigands
  A wyvern zombie (D:5)
  A gnoll sergeant (D:7)
  2 bullfrogs
  4 scorpions
  A wyvern skeleton (D:7)
  5 killer bees (D:10)
  2 electric eels (D:9)
  A bullfrog zombie (D:6)
  A jelly (D:5)
  7 orc priests
  7 hounds
  3 bullfrog skeletons
  Natasha (twice) (D:3)
  Terence (D:3)
  7 iguanas
  8 orc wizards
  A killer bee zombie (D:9)
  A hound skeleton (D:4)
  3 howler monkey skeletons
  7 gnolls
  7 adders
  A shadow imp (D:7)
  A white imp (D:8)
  An ufetubus (D:7)
  A worm (D:3)
  A dart slug (D:3)
  38 orcs
  3 endoplasms
  2 giant cockroaches
  2 goblins
  6 hobgoblins
  7 jackals
  2 quokkas
  4 ball pythons
  6 bats
  5 frilled lizards
  16 kobolds
  3 rats
240 creatures vanquished.

Vanquished Creatures (others)
  3 fungi (Lair:2)
  A plant (D:10)
4 creatures vanquished.

Grand Total: 244 creatures vanquished

Notes
Turn   | Place    | Note
-------+----------+-------------------------------------------
     0 | D:1      | tilp the Vine Stalker Brigand began the quest for the Orb.
     0 | D:1      | Reached XP level 1. HP: 11/11 MP: 2/2
   265 | D:1      | Found a faded altar of an unknown god.
   416 | D:1      | Reached XP level 2. HP: 15/15 MP: 3/3
   736 | D:1      | Identified a scroll of acquirement
   736 | D:1      | Acquired the +8 mithril axe "Arga" {speed, Will+}
   737 | D:1      | Found the +8 mithril axe "Arga" {speed, Will+}
   825 | D:2      | Reached skill level 1 in Axes
   825 | D:2      | Reached XP level 3. HP: 13/19 MP: 4/4
   913 | D:2      | Found Soumuatt's Book Shop.
  1029 | D:2      | Gained mutation: Your natural rate of healing is unusually
                  | fast. [Vine Stalker growth]
  1029 | D:2      | Reached XP level 4. HP: 24/24 MP: 5/5
  1250 | D:2      | Found a sparkling altar of Nemelex Xobeh.
  1704 | D:3      | Reached skill level 2 in Axes
  1707 | D:3      | Noticed Terence
  1716 | D:3      | Killed Terence
  1717 | D:3      | Reached XP level 5. HP: 28/28 MP: 6/6
  1883 | D:3      | Noticed Natasha
  1889 | D:3      | Killed Natasha
  1902 | D:3      | Noticed Sigmund
  1914 | D:3      | Killed Sigmund
  1915 | D:3      | Reached skill level 4 in Axes
  1915 | D:3      | Reached XP level 6. HP: 33/33 MP: 5/7
  2278 | D:3      | Noticed Natasha
  2284 | D:3      | Killed Natasha
  2285 | D:3      | Reached skill level 1 in Dodging
  2568 | D:4      | Reached skill level 5 in Stealth
  2685 | D:4      | Found a snail-covered altar of Cheibriados.
  2733 | D:4      | Reached XP level 7. HP: 34/37 MP: 8/8
  3220 | D:5      | Entered Level 5 of the Dungeon
  3225 | D:5      | Reached skill level 5 in Axes
  3238 | D:5      | Gained mutation: You have razor-sharp teeth. [Vine Stalker
                  | growth]
  3238 | D:5      | Reached XP level 8. HP: 35/42 MP: 9/9
  3285 | D:5      | Reached skill level 6 in Axes
  3362 | D:5      | Reached skill level 7 in Axes
  3710 | D:5      | Identified the amulet "Zeyr" {RegenMP Harm rPois}
  3961 | D:6      | Reached skill level 8 in Axes
  4018 | D:6      | Reached XP level 9. HP: 46/46 MP: 10/10
  4041 | D:6      | Reached skill level 5 in Fighting
  4187 | D:6      | Found a basalt altar of Yredelemnul.
  4188 | D:6      | Found a blossoming altar of Fedhas.
  4579 | D:7      | Found a staircase to the Ecumenical Temple.
  4600 | Temple   | Entered the Ecumenical Temple
  4673 | Temple   | Became a worshipper of Uskayaw the Reveller
  4717 | D:7      | Found Nufacuin's Magic Scroll Emporium.
  4720 | D:7      | Bought a scroll of teleportation for 36 gold pieces
  4720 | D:7      | Bought a scroll of identify for 24 gold pieces
  4720 | D:7      | Bought a scroll of identify for 24 gold pieces
  4732 | D:7      | Identified the +1 robe of the Howling Invaders {Int+4}
  4750 | D:7      | Reached * piety under Uskayaw
  4845 | D:7      | Found Imotyrghu's Assorted Antiques.
  4878 | D:7      | Noticed Joseph
  4966 | D:7      | Reached ** piety under Uskayaw
  4967 | D:7      | Reached skill level 9 in Axes
  4996 | D:7      | Found Sonezoq's Jewellery Emporium.
  5007 | D:7      | Found Lurohu's Antique Armour Emporium.
  5115 | D:7      | Found a bloodstained altar of Trog.
  5147 | D:7      | Reached *** piety under Uskayaw
  5701 | D:8      | Reached **** piety under Uskayaw
  5703 | D:8      | Reached ***** piety under Uskayaw
  5780 | D:8      | Reached skill level 10 in Axes
  5832 | D:8      | Found a glowing silver altar of Zin.
  5832 | D:8      | Found a glowing golden altar of the Shining One.
  5832 | D:8      | Found a white marble altar of Elyvilon.
  5951 | D:8      | Reached skill level 1 in Invocations
  6011 | D:8      | Noticed Harold
  6022 | D:8      | Killed Harold
  6023 | D:8      | Reached XP level 10. HP: 24/53 MP: 5/13
  6303 | D:7      | Bought a ring of poison resistance for 240 gold pieces
  6646 | D:9      | Found a staircase to the Lair.
  7087 | D:9      | Reached skill level 5 in Invocations
  7110 | D:9      | Reached skill level 11 in Axes
  7171 | D:9      | Noticed Maggie
  7179 | D:9      | Killed Maggie
  7254 | D:9      | Noticed Grum
  7267 | D:9      | Killed Grum
  7354 | D:10     | Entered Level 10 of the Dungeon
  7412 | D:10     | Reached ****** piety under Uskayaw
  7529 | D:10     | Found a hazy altar of Hepliaklqana.
  7590 | D:10     | Reached XP level 11. HP: 48/56 MP: 15/17
  7683 | D:10     | Found a staircase to the Orcish Mines.
  7806 | D:10     | Noticed a centaur warrior
  8087 | D:10     | Killed a centaur warrior
  8281 | D:11     | Noticed a four-headed hydra
  8328 | D:11     | Noticed Snorg
  8440 | D:7      | Killed Joseph
  8441 | D:7      | Reached skill level 12 in Axes
  8819 | Lair:1   | Entered Level 1 of the Lair of Beasts
  9172 | Lair:1   | Noticed an eight-headed hydra
  9639 | Lair:2   | Noticed a boulder beetle
  9818 | Lair:2   | Reached skill level 1 in Evocations
  9875 | Lair:2   | Slain by a komodo dragon

Illustrated notes

Levels and vault maps discovered:
D:1:      matt_arrival_grand_opening, layout_loops_ring,
          ebering_ecumenical_altar_petrified, serial_bayou_lagoon_b
D:2:      layout_basic, basic_altar, serial_shops, shop, roderic_roman_lattice,
          minmay_circle_x
D:3:      layout_basic, st_stairs_9, uniq_terence, uniq_natasha, uniq_sigmund
D:4:      layout_gridville, old_standard_altar
D:5:      layout_rooms, grunt_decor_resistance
D:6:      layout_rooms, minitemple, kennysheep_generic_room_3
D:7:      layout_basic, trog_butcher_becter,
          minmay_temple_entry_statues_fountains, serial_shops, kennysheep_mini,
          shop, shop, shop, uniq_joseph
D:8:      layout_gridville, good_gods_mini_temple, uniq_harold
D:9:      layout_rooms, erik_lair_island, uniq_grum, uniq_maggie
D:10:     layout_irregular_city, nicolae_hepliaklqana_hazy_memory, orc_0_dummy,
          dk_noncrumbling_4
D:11:     layout_cave_pools, uniq_snorg
Temple:   jpeg_temple_clearing
Lair:1:   layout_cave_shapes, beast_lair_carwin_8
Lair:2:   nzn_winding_woodlands_three_and_one
          [nzn_winding_woodlands_5x15_sawtooth, nzn_winding_woodlands_5x15_eye,
          nzn_winding_woodlands_5x15_zeroes,
          nzn_winding_woodlands_center_pierced_h], layout_chaotic_city,
          minmay_snake_entry_spellcaster, minmay_lindwurm_lava

Skill      XL: |  1  2  3  4  5  6  7  8  9 10 11 |
---------------+----------------------------------+-----
Fighting       | 2 3 4 6 |  6.7
Short Blades   | 2 |  2.2
Axes           | 1 2 4 5 8 10 11 12 | 12.3
Dodging        | 1 2 |  2.0
Stealth        | 5 6 |  6.0
Invocations    | 3 6 8 |  8.7
Evocations     | 1 |  1.3
Throwing       | |  1.7

Action                   |  1- 3 |  4- 6 |  7- 9 | 10-12 || total
-------------------------+-------+-------+-------+-------++-------
Melee: Dagger            |    25 |       |       |       ||    25
       Bite              |     7 |    17 |    68 |    70 ||   162
       Broad axe         |    10 |    59 |   234 |   260 ||   563
Throw: Dart              |       |     6 |    17 |    21 ||    44
Evoke: Wand              |       |       |       |     8 ||     8
  Use: Scroll            |     4 |     7 |     8 |     1 ||    20
       Potion            |       |       |       |     2 ||     2
 Stab: Sleeping          |     7 |     5 |     7 |     7 ||    26
       Paralysed         |       |       |     4 |    27 ||    31
Armor: Ring mail         |     8 |    12 |    79 |    93 ||   192
       Robe              |     2 |       |       |       ||     2
Dodge: Dodged            |    19 |    26 |    83 |    87 ||   215
Block: Other             |       |     1 |    25 |       ||    26
       Reflection        |       |     1 |     1 |       ||     2
       Kite shield       |       |       |    39 |    73 ||   112

Table legend: (Time is in decaauts)
 A = Elapsed time spent in this place.
 B = Non-inter-level travel time spent in this place.
 C = Inter-level travel time spent in this place.
 D = Time resting spent in this place.
 E = Time spent auto-exploring this place.
 F = Levels seen in this place.
 G = Mean time per level.
                   A        B        C        D        E       F      G
               +--------+--------+--------+--------+--------+-----+--------+
         Total |   9863 |   8889 |    974 |    838 |   6389 |  14 |  704.5 |
       Dungeon |   8718 |   7823 |    895 |    836 |   5522 |  11 |  792.5 |
        Temple |     88 |     74 |     14 |      0 |     68 |   1 |   88.0 |
          Lair |   1055 |    990 |     65 |      2 |    799 |   2 |  527.5 |
               +--------+--------+--------+--------+--------+-----+--------+

Top non-repeatable levels by time:
     D:8: 1184 daAuts
     D:7: 1038 daAuts
     D:9: 1037 daAuts
    D:10: 983 daAuts
     D:2: 927 daAuts
  Lair:1: 875 daAuts
     D:4: 841 daAuts
     D:3: 797 daAuts
     D:1: 789 daAuts
     D:5: 601 daAuts
     D:6: 513 daAuts
  Lair:2: 180 daAuts
  Temple: 88 daAuts
    D:11: 4 daAuts
